 Dungeon Crawl Stone Soup version 0.28-a0-1513-ge4f4046303 (webtiles) character file.

Game seed: 6139530385571315339

319 Lekart the Skirmisher (level 6, -10/53 HPs)
             Began as a Draconian Abyssal Knight on Jan 16, 2022.
             Was a Believer of Lugonu.
             Killed from afar by an acid dragon (18 damage)
             ... with a splash of acid
             ... on level 5 of the Dungeon.
             The game lasted 00:11:10 (4456 turns).

Lekart the Skirmisher (Draconian Abyssal Knight)    Turns: 4456, Time: 00:11:10

Health: -10/53     AC:  6    Str: 15    XL:     6   Next: 21%
Magic:  8/8        EV: 13    Int: 10    God:    Lugonu [**....]
Gold:   151        SH:  0    Dex: 14    Spells: 5/5 levels left

rFire   . . .      SeeInvis .   a - +2 falchion
rCold   . . .      Faith    .   (no shield)
rNeg    . . .      Spirit   .   (armour unavailable)
rPois   .          Reflect  .   (helmet restricted)
rElec   .          Harm     .   (no cloak)
rCorr   .          Rampage  .   (no gloves)
Will    .....                   (no boots)
Stlth   ++........              (no amulet)
HPRegen 0.17/turn               (no ring)
MPRegen 0.11/turn               (no ring)

@: no status effects
A: AC +6, unfitting armour, cold-blooded
a: Renounce Religion, Depart the Abyss, Bend Space


You were on level 5 of the Dungeon.
You worshipped Lugonu.
Lugonu was pleased with you.
You visited 2 branches of the dungeon, and saw 6 of its levels.
You visited the Abyss 1 time.

You collected 151 gold pieces.

Inventory:

Hand Weapons
 a - a +2 falchion (weapon)
Missiles
 g - 3 atropa-tipped darts (quivered)
Scrolls
 c - a scroll of vulnerability
 d - a scroll of blinking
 i - a scroll of fog {unknown}
 j - 2 scrolls of magic mapping
 l - a scroll of silence {unknown}
 p - a scroll of identify
Potions
 e - a potion of degeneration
 k - a potion of haste
 m - a potion of magic


   Skills:
 + Level 4.4 Fighting
 + Level 4.3 Long Blades
 + Level 0.2 Throwing
 + Level 3.2 Dodging
 + Level 1.4 Stealth
 * Level 3.3 Invocations


You had 5 spell levels left.
You didn't know any spells.
Your spell library contained the following spells:

 Spells                   Type           Power      Damage    Failure   Level
 Confusing Touch          Hex            0%         N/A       75%         3
 Gell's Gravitas          Tloc           0%         N/A       75%         3
 Lesser Beckoning         Tloc           0%         N/A       75%         3
 Summon Guardian Golem    Hex/Summ       0%         N/A       75%         3
 Teleport Other           Tloc           0%         N/A       75%         3
 Yara's Violent Unravell  Hex/Tmut       0%         3d3       100%        5
 Enfeeble                 Hex            0%         N/A       100%        7
 Orb of Destruction       Conj           0%         9d5       100%        7
 Spellforged Servitor     Conj/Summ      0%         N/A       100%        7


Dungeon Overview and Level Annotations

Branches:
Dungeon (5/15)             Temple (1/1) D:4

Altars:
Ashenzari
Dithmenos
Fedhas
Gozag
Hepliaklqana
Kikubaaqudgha
Makhleb
Nemelex Xobeh
Okawaru
Qazlal
Ru
Sif Muna
Trog
Uskayaw
Vehumet
Wu Jian
Xom
Yredelemnul
Zin
The Shining One

Shops:
D:1 [   D:4 *

Annotations:
D:1 exclusion: downstairs
D:2 exclusion: downstairs, Grinder
D:4 Sigmund


Innate Abilities, Weirdness & Mutations

Your plain brown scales are hard. (AC +6)
You cannot fit into any form of body armour.
You are cold-blooded and may be slowed by cold attacks.


Message History

The acid dragon bites you.
* * * LOW HITPOINT WARNING * * *
The acid dragon claws you but does no damage.
It was a potion of haste.
You feel yourself speed up. The acid dragon spits acid at you.
The splash of acid hits you but does no damage.
The acid corrodes you!
It was a potion of magic.
Magic courses through your body. The acid dragon bites you.
* * * LOW HITPOINT WARNING * * *
The acid dragon claws you but does no damage.
It was a potion of cancellation.
Your magical effects are unravelling.
You feel magically purged.
You feel less wooden.
You feel yourself slow down.
You are no longer corroded.
It was a potion of curing.
You feel better. The acid dragon misses you. The acid dragon barely misses you.
Throw: 6 darts (atropa)
Press: ? - help, Q - select action, (/) - cycle Shift-Dir - straight line, f - acid dragon
Aim: an acid dragon (severely wounded, catching its breath, 60% to hit, chance to blind on hit: 27%)
You throw an atropa-tipped dart.
The atropa-tipped dart barely misses the acid dragon.
The acid dragon misses you.
The acid dragon claws you but does no damage.
Throw: 5 darts (atropa)
Press: ? - help, Q - select action, (/) - cycle Shift-Dir - straight line, f/p - acid dragon
Aim: an acid dragon (severely wounded, catching its breath, 60% to hit, chance to blind on hit: 41%)
You throw an atropa-tipped dart.
The atropa-tipped dart barely misses the acid dragon.
The acid dragon bites you!
* * * LOW HITPOINT WARNING * * *
The acid dragon closely misses you.
Throw: 4 darts (atropa)
Press: ? - help, Q - select action, (/) - cycle Shift-Dir - straight line, f/p - acid dragon
Aim: an acid dragon (severely wounded, 60% to hit, chance to blind on hit: 51%)
You throw an atropa-tipped dart.
The atropa-tipped dart closely misses the acid dragon.
The acid dragon spits acid at you. The splash of acid hits you!!
You die...

#.####.###
#.####.#
#...(#.#
####.#.#
######.#.#
#...##.#.#
###.##.#.#
#.##D#.#
#...@#..
###### ##
......#
...
#.#####.#
#.# .# .#
.#. .#.#


You could see an acid dragon (catching breath).

Vanquished Creatures
  An ogre (D:4)
  A water moccasin zombie (D:5)
  An orc priest (D:3)
  6 adders
  3 dart slugs
  7 orcs
  14 ball pythons
  11 endoplasms
  5 giant cockroaches
  3 goblins
  5 hobgoblins
  6 jackals
  3 kobolds
  6 quokkas
  4 bats
  A frilled lizard (D:1)
  3 rats
80 creatures vanquished.

Vanquished Creatures (others)
  3 plants (D:1)
3 creatures vanquished.

Grand Total: 83 creatures vanquished

Notes
Turn   | Place    | Note
-------+----------+-------------------------------------------
     0 | Abyss:1  | Lekart the Draconian Abyssal Knight began the quest for the
                  | Orb.
     0 | Abyss:1  | Reached XP level 1. HP: 19/19 MP: 2/2
    40 | D:1      | Escaped the Abyss
   234 | D:1      | Found Oduen's Antique Armour Shoppe.
   304 | D:1      | Reached XP level 2. HP: 27/27 MP: 3/3
   678 | D:1      | Found a faded altar of an unknown god.
   690 | D:1      | Reached XP level 3. HP: 30/33 MP: 4/4
   742 | D:1      | Reached ** piety under Lugonu
  1693 | D:2      | Reached XP level 4. HP: 33/40 MP: 5/5
  2184 | D:3      | Found an opulent altar of Gozag.
  2486 | D:3      | Noticed Grinder
  2507 | D:2      | Paralysed by Grinder for 4 turns
  2521 | D:2      | Paralysed by Grinder for 2 turns
  2526 | D:2      | Paralysed by Grinder for 6 turns
  2953 | D:3      | Noticed a water moccasin
  3069 | D:4      | Found a staircase to the Ecumenical Temple.
  3096 | Temple   | Entered the Ecumenical Temple
  3430 | D:4      | Noticed an ogre
  3437 | D:4      | Killed an ogre
  3438 | D:4      | Reached skill level 1 in Stealth
  3438 | D:4      | Reached XP level 5. HP: 21/47 MP: 7/7
  3759 | D:4      | Found Jonn's Assorted Antiques.
  3800 | D:4      | Noticed a water moccasin
  3828 | D:4      | Found a sacrificial altar of Ru.
  4130 | D:4      | Noticed Sigmund
  4159 | D:5      | Entered Level 5 of the Dungeon
  4167 | D:5      | Noticed an acid dragon
  4191 | D:5      | Reached XP level 6. HP: 11/53 MP: 8/8
  4456 | D:5      | Killed from afar by an acid dragon

Illustrated notes

Levels and vault maps discovered:
D:1:      lightli_arrival_windingriver, layout_rooms, serial_shops,
          nicolae_shop_window_shopping, serial_forest,
          infiniplex_forest_corner_1, infiniplex_forest_straight_4,
          infiniplex_forest_straight_1, infiniplex_forest_clump_double,
          infiniplex_forest_end_double, infiniplex_forest_straight_2,
          infiniplex_forest_diagonal, infiniplex_forest_clump_curved,
          infiniplex_forest_straight_5, shapermc_ecumenical_altar_starsandcircs,
          st_stairs_2, grunt_decor_mini_mirrors
D:2:      layout_loops_ring
D:3:      layout_basic, mainiacjoe_overflow_small_starburst, glass_columns_b,
          roderic_batcave, uniq_grinder
D:4:      layout_basic, nicolae_ru_awakened_eye,
          minmay_temple_entry_glassed_door, serial_shops, shop, hex_medium,
          serial_park_tiny_1, minivault_4, uniq_sigmund
D:5:      layout_gridville, mainiacjoe_overflow_paths, serial_co_window_serial,
          co_window_paths_a, co_window_paths_b, co_window_paths_a,
          co_window_paths_a, co_window_paths_b, co_window_broadway_a,
          co_window_corner_b, co_window_broadway_c, co_window_corner_b,
          co_window_paths_c, co_window_4corner_b, co_window_4corner_a,
          glass_columns_a, glass_columns_a, glass_columns_a, glass_columns_c,
          chequers_serial_rivers_micro_e, kennysheep_flooded_box,
          cheibrodos_gnoll_hut
Temple:   hc_temple_tempest_star

Skill      XL: |  1  2  3  4  5 |
---------------+----------------+-----
Fighting       | 4 |  4.4
Long Blades    | 3 4 |  4.3
Dodging        | 3 |  3.2
Stealth        | 1 |  1.4
Invocations    | 3 |  3.3
Throwing       | |  0.2

Action                   |  1- 3 |  4- 6 || total
-------------------------+-------+-------++-------
Melee: Falchion          |   128 |   131 ||   259
       Tailslap          |    18 |    12 ||    30
       Punch             |     1 |     1 ||     2
Throw: Dart              |     4 |     3 ||     7
Invok: Bend Space        |       |     3 ||     3
  Use: Scroll            |       |     7 ||     7
       Potion            |       |     5 ||     5
 Stab: Sleeping          |     4 |     2 ||     6
       Confused          |     1 |       ||     1
Armor: Skin              |    43 |    62 ||   105
Dodge: Dodged            |    75 |    92 ||   167

Table legend: (Time is in decaauts)
 A = Elapsed time spent in this place.
 B = Non-inter-level travel time spent in this place.
 C = Inter-level travel time spent in this place.
 D = Time resting spent in this place.
 E = Time spent auto-exploring this place.
 F = Levels seen in this place.
 G = Mean time per level.
                   A        B        C        D        E       F      G
               +--------+--------+--------+--------+--------+-----+--------+
         Total |   4510 |   4344 |    166 |    884 |   2414 |   7 |  644.3 |
       Dungeon |   4142 |   4007 |    135 |    884 |   2133 |   5 |  828.4 |
        Temple |    328 |    297 |     31 |      0 |    278 |   1 |  328.0 |
         Abyss |     40 |     40 |      0 |      0 |      3 |   1 |   40.0 |
               +--------+--------+--------+--------+--------+-----+--------+

Top non-repeatable levels by time:
     D:1: 1438 daAuts
     D:2: 1373 daAuts
     D:4: 776 daAuts
  Temple: 328 daAuts
     D:5: 300 daAuts
     D:3: 253 daAuts
 Abyss:1: 40 daAuts
